 Dungeon Crawl Stone Soup version 0.31.0-32-g396128a36d (webtiles) character file.

Game seed: 6990514089168144372

782 SacredBeard the Slicer (level 7, 0/46 HPs)
             Began as a Vampire Enchanter on Mar 31, 2024.
             Slain by a troll (4 damage)
             ... on level 5 of the Dungeon.
             The game lasted 00:10:22 (4619 turns).

SacredBeard the Slicer (Vampire Enchanter)          Turns: 4619, Time: 00:10:22

Health: 0/46       AC: 15    Str:  7    XL:     7   Next: 55%
Magic:  10/10      EV:  0    Int: 19    God:
Gold:   317        SH:  7    Dex: 15    Spells: 10/10 levels left

rFire   . . .        v - +1 short sword (speed)
rCold   + + .        E - +0 kite shield
rNeg    . . .        k - +1 chain mail {rC+}
rPois   .            f - +2 helmet
rElec   .            j - +0 cloak
rCorr   +            b - +1 pair of gloves
SInv    +            (no boots)
Will    .....        (no amulet) Stlth
                     d - ring of protection from cold
HPRegen 0.47/turn    l - ring of resist corrosion
MPRegen 0.12/turn

%: no passive effects
@: healing quickly, invisible
A: alive, fangs 3, see invisible, vampiric 2
a: Exsanguinate


You were on level 5 of the Dungeon.
You visited 1 branch of the dungeon, and saw 5 of its levels.

You collected 317 gold pieces.

Inventory:

Hand Weapons
 v - a +1 short sword of speed (weapon)
Missiles
 h - 54 stones (quivered)
 t - 9 poisoned darts
 u - 6 javelins
Armour
 b - a +1 pair of gloves (worn)
 f - a +2 helmet (worn)
 j - a +0 cloak (worn)
 k - a +1 chain mail of cold resistance (worn)
 D - a +1 scale mail of fire resistance
 E - a +0 kite shield (worn)
 G - a +0 robe of willpower
Jewellery
 d - a ring of protection from cold (left hand)
 l - a ring of resist corrosion (right hand)
Wands
 J - a wand of roots (19)
Scrolls
 a - 2 scrolls of poison {unknown}
 e - 5 scrolls of identify {unknown}
 g - 2 scrolls of amnesia {unknown}
 i - 3 scrolls of blinking {unknown}
 m - 2 scrolls of revelation {unknown}
 o - 6 scrolls of enchant armour {unknown}
 r - 2 scrolls of brand weapon {unknown}
 s - a scroll of enchant weapon {unknown}
 x - a scroll of vulnerability {unknown}
 y - 2 scrolls of teleportation {unknown}
 A - a scroll of immolation {unknown}
 H - 2 scrolls of fog {unknown}
Potions
 c - a potion of invisibility
 n - a potion of lignification {unknown}
 p - 2 potions of magic {unknown}
 q - 3 potions of curing {unknown}
 w - 3 potions of mutation {unknown}
 z - a potion of degeneration {unknown}
 B - 2 potions of heal wounds {unknown}
 C - a potion of cancellation {unknown}
 F - 2 potions of enlightenment {unknown}
 I - 2 potions of haste {unknown}


   Skills:
 * Level 9.3 Short Blades
 - Level 2.1 Dodging
 - Level 4.4 Stealth
 - Level 2.0 Spellcasting
 - Level 4.4 Hexes


You had 10 spell levels left.
You didn't know any spells.
Your spell library contained the following spells:

 Spells                   Type           Power      Damage    Failure   Level
 Foxfire                  Conj/Fire      4%         2x1d4     100%        1
 Sting                    Conj/Alch      4%         1d3       100%        1
 Ensorcelled Hibernation  Hex/Ice        20%        N/A       100%        2
 Mercury Vapours          Alch/Air       2%         N/A       100%        2
 Call Canine Familiar     Summ           1%         N/A       100%        3
 Confusing Touch          Hex            18%        N/A       100%        3
 Dazzling Flash           Conj/Hex       20%        N/A       100%        3
 Inner Flame              Hex/Fire       10%        N/A       100%        3
 Sigil of Binding         Hex            18%        N/A       100%        3
 Tukima's Dance           Hex            18%        N/A       100%        3
 Animate Armour           Summ/Erth      2%         N/A       100%        4
 Dimensional Bullseye     Hex/Tloc       5%         N/A       100%        4
 Flame Wave               Conj/Fire      1%         2d4       100%        4
 Olgreb's Toxic Radiance  Alch           1%         N/A       100%        4
 Sticky Flame             Fire/Alch      1%         2d4       100%        4
 Summon Lightning Spire   Summ/Air       1%         N/A       100%        4
 Lee's Rapid Deconstruct  Erth           0%         3d4*      100%        5
 Plasma Beam              Fire/Air       0%         2x1d10    100%        6
 Starburst                Conj/Fire      0%         6d3       100%        6
 Haunt                    Necr/Summ      0%         N/A       100%        7
 Borgnjor's Revivificati  Necr           Unusable   N/A       N/A         8
 Death's Door             Necr           Unusable   N/A       N/A         9

Dungeon Overview and Level Annotations

Branches:
Dungeon (5/15)
 Temple: D:4-7

Altars:
Fedhas

Annotations:
D:5 2 runed translucent doors


Innate Abilities, Weirdness & Mutations

Your natural rate of healing is accelerated.
You have razor-sharp teeth.
You have supernaturally acute eyesight. (SInv)
You are afflicted with vampirism and can become a bat while bloodless.


Message History

The troll claws you!
* * * LOW HITPOINT WARNING * * *
You fade into invisibility!
The troll bites you but does no damage. The troll claws you but does no damage.
You block the troll's attack.
You are too injured to fight recklessly!
You are too injured to fight recklessly!
You are too injured to fight recklessly!
You are too injured to fight recklessly!
You are too injured to fight recklessly!
You are too injured to fight recklessly!
You are too injured to fight recklessly!
You are too injured to fight recklessly!
You are too injured to fight recklessly!
You are too injured to fight recklessly!
You are too injured to fight recklessly!
You are too injured to fight recklessly!
You are too injured to fight recklessly!
You are too injured to fight recklessly!
You are too injured to fight recklessly!
You are too injured to fight recklessly!
You are too injured to fight recklessly!
You are too injured to fight recklessly!
You are too injured to fight recklessly!
You are too injured to fight recklessly!
You are too injured to fight recklessly!
You are too injured to fight recklessly!
You are too injured to fight recklessly!
You hit the troll. Your bite misses the troll.
The troll is moderately wounded.
You hit the troll but do no damage.
The troll is moderately wounded.
The troll bites you but does no damage. The troll claws you but does no damage.
The troll claws you!
* * * LOW HITPOINT WARNING * * *
You catch the helpless troll completely off-guard!
You puncture the troll! You bite the troll.
The troll is heavily wounded.
The troll bites you.
You die...

#.. #.# ##<###.
#.##8..8## #.##
#.## ## #.#8....8#
##..# ##.###.
#.#$....[# #...#
##.#.# #.#[....}#
#...# ##.##
#.#8...?8# ##.##
### #.##8.h8#####
#.# #..##++##.'.##
#.# ##........##@#
#.## #.##..##.#T##
#..#####
##.#.###.##
##......## ##.##
#..######..#.....#
#.#
##........##.....#
#.#
#........##.....#
#.#
############...##
#.# ##.## ##.# #.#


You could see a troll (unable to see you).

Vanquished Creatures
  An ogre (D:5)
  3 phantoms
  4 scorpions
  2 bombardier beetles
  8 adders
  A white imp (D:5)
  2 dart slugs
  2 ribbon worms
  5 orcs
  7 bats
  8 endoplasms
  6 giant cockroaches
  5 goblins
  6 hobgoblins
  5 jackals
  13 kobolds
  6 quokkas
  7 ball pythons
  5 frilled lizards
  3 rats (D:1)
99 creatures vanquished.

Notes
Turn   | Place    | Note
-------+----------+-------------------------------------------
     0 | D:1      | SacredBeard the Vampire Enchanter began the quest for the
                  | Orb.
     0 | D:1      | Reached XP level 1. HP: 13/13 MP: 3/3
   102 | D:1      | Reached skill level 2 in Short Blades
   417 | D:1      | Reached XP level 2. HP: 19/19 MP: 5/5
   643 | D:1      | Reached skill level 3 in Short Blades
   730 | D:1      | Gained mutation: You are afflicted with vampirism and can
                  | become a bat while bloodless. [Vampire growth]
   730 | D:1      | Reached XP level 3. HP: 20/24 MP: 6/6
  1262 | D:2      | Reached skill level 4 in Short Blades
  1296 | D:2      | Reached XP level 4. HP: 30/30 MP: 7/7
  1995 | D:3      | Reached skill level 5 in Short Blades
  2235 | D:3      | Reached XP level 5. HP: 18/35 MP: 8/8
  3283 | D:4      | Reached skill level 6 in Short Blades
  3549 | D:4      | Reached XP level 6. HP: 41/41 MP: 9/9
  3622 | D:4      | Reached skill level 7 in Short Blades
  3830 | D:4      | Found a blossoming altar of Fedhas.
  3937 | D:5      | Entered Level 5 of the Dungeon
  4197 | D:5      | Reached skill level 8 in Short Blades
  4333 | D:5      | Reached XP level 7. HP: 46/46 MP: 10/10
  4459 | D:5      | Found a large runed translucent door.
  4459 | D:5      | Found a large runed translucent door.
  4461 | D:5      | Noticed a yak
  4462 | D:5      | Noticed a gargoyle
  4594 | D:5      | Reached skill level 9 in Short Blades
  4611 | D:5      | Noticed a troll
  4619 | D:5      | Slain by a troll

Illustrated notes

Levels and vault maps discovered:
D:1:      matt_arrival_los_fun, layout_loops_ring, st_stairs_3,
          chequers_big_river
D:2:      layout_loops_ring, minmay_increasing_density
D:3:      kennysheep_big_flooded_room, layout_basic
D:4:      layout_cave_pools, mainiacjoe_overflow_concentric_impassable,
          abandoned_shop, dreamdust_mushroom_princess
D:5:      layout_loops_cross, minmay_hollow_rounded_squares

Skill      XL: |  1  2  3  4  5  6  7 |
---------------+----------------------+-----
Short Blades   | 2 3 4 5 6 8 9 |  9.3
Dodging        | |  2.1
Stealth        | |  4.4
Spellcasting   | |  2.0
Hexes          | |  4.4

Action                     |  1- 3 |  4- 6 |  7- 9 || total
---------------------------+-------+-------+-------++-------
  Melee: Dagger            |   191 |    70 |       ||   261
         Bite              |    15 |    42 |    14 ||    71
         Punch             |     2 |     1 |       ||     3
         Short sword       |       |   316 |    50 ||   366
    Use: Potion            |       |       |     1 ||     1
   Stab: Sleeping          |     4 |       |       ||     4
         Invisible         |       |       |     1 ||     1
 Armour: Leather armour    |    13 |       |       ||    13
         Chain mail        |   168 |   255 |    30 ||   453
  Dodge: Dodged            |    28 |    29 |     1 ||    58
  Block: Kite shield       |       |    27 |    17 ||    44
